 Dungeon Crawl Stone Soup version 0.26.0-10-g1f06aea511 (webtiles) character file.

Game seed: 5107479774737332194

5903 Dracia the Cleaver (level 10, 0/88 HPs)
             Began as a Deep Dwarf Fighter on Jan 24, 2021.
             Was a Follower of Makhleb.
             Slain by a sun demon (16 damage)
             ... led by a balrug
             ... on level 1 of the Abyss.
             The game lasted 00:14:36 (6710 turns).

Dracia the Cleaver (Deep Dwarf Fighter)             Turns: 6710, Time: 00:14:38

Health: 0/88       AC: 13    Str: 23    XL:     10   Next: 53%
Magic:  6/6        EV:  4    Int:  9    God:    Makhleb [*.....]
Gold:   569        SH:  9    Dex: 12    Spells: 9/9 levels left

rFire    . . .     SeeInvis .   p - +1 broad axe
rCold    . . .     Faith    .   c - +0 kite shield
rNeg     . . .     Spirit   .   i - +0 plate armour
rPois    .         Reflect  .   (no helmet)
rElec    .         Harm     .   e - +1 cloak
rCorr    .         Rampage  .   (no gloves)
Will     +....                  (no boots)
Stlth    ..........             (no amulet)
HPRegen  0.00/turn              Z - ring of wizardry
MPRegen  0.10/turn              Q - ring of stealth

@: non-regenerating
A: damage resistance, heal wounds, sense surroundings 2, no regeneration
a: Heal Wounds, Renounce Religion


You were on level 1 of the Abyss.
You worshipped Makhleb.
Makhleb was aware of your devotion.
You visited 2 branches of the dungeon, and saw 10 of its levels.
You visited the Abyss 1 time.
You also visited: Sewer.

You collected 569 gold pieces.


Innate Abilities, Weirdness & Mutations

You are resistant to damage.
You can heal yourself by infusing magical energy.
You passively map the area around you.
You do not regenerate.


   Skills:
 + Level 5.4 Fighting
 * Level 14.8 Axes
 - Level 3.2 Armour
 - Level 3.2 Shields
 + Level 6.4 Invocations


You had 9 spell levels left.
You didn't know any spells.
Your spell library contained the following spells:

 Spells                   Type           Power        Failure   Level
 Animate Skeleton         Necr           0%           100%        1
 Apportation              Tloc           0%           100%        1
 Corona                   Hex            0%           100%        1
 Summon Small Mammal      Summ           0%           100%        1

Inventory:

Hand Weapons
 a - a +0 war axe
 p - a +1 broad axe (weapon)
Missiles
 k - 24 poisoned darts
Armour
 b - a +0 scale mail
 c - a +0 kite shield (worn)
 e - a +1 cloak (worn)
 i - a +0 plate armour (worn)
 m - a +0 chain mail
Magical Staves
 B - an uncursed staff of conjuration {!a!a, unknown}
Jewellery
 q - an uncursed ring of stealth
 z - an uncursed ring of wizardry
 G - an uncursed amulet of guardian spirit
 Q - a ring of stealth (right hand)
 Z - a ring of wizardry (left hand)
Wands
 n - a wand of random effects (21)
 w - a wand of acid (8)
 y - a wand of polymorph (4)
 D - a wand of flame (24)
 I - a wand of digging (1)
Scrolls
 j - 5 scrolls of teleportation {@r4@r4}
 t - 9 scrolls of remove curse {@r2@r2}
 C - a scroll of identify {@r1@r1}
 E - a scroll of enchant weapon
 H - a scroll of blinking {unknown}
 J - a scroll of enchant armour
Potions
 d - 5 potions of might
 f - a potion of heal wounds {@q2@q2}
 g - 3 potions of magic
 h - a potion of cancellation {unknown}
 l - a potion of flight
 o - 2 potions of haste {@q3@q3}
 r - 2 potions of mutation
 s - 4 potions of curing {@q1@q1}
 u - a potion of ambrosia {unknown}
 v - a potion of degeneration {unknown}
 x - a potion of berserk rage {unknown}
 A - a potion of brilliance {unknown}
 F - a potion of attraction {unknown}

Dungeon Overview and Level Annotations

Branches:
Dungeon (9/15)             Temple (1/1) D:6            Lair (0/6) D:9
  Sewer (visited)
    Orc: D:9-12

Altars:
Ashenzari
Cheibriados
Dithmenos
Elyvilon
Fedhas
Gozag
Hepliaklqana
Kikubaaqudgha
Makhleb
Nemelex Xobeh
Okawaru
Qazlal
Ru
Sif Muna
Trog
Uskayaw
Vehumet
Wu Jian
Xom
Yredelemnul
Zin
The Shining One

Annotations:
D:8 Erolcha
D:9 Prince Ribbit

# ## .# .. .. .
##.#. # ..##.
#..... # .
##..###......
.?. #...#.4...#
. .##. #.#.@3.#
#... ##....#..#
#..##...##....#
##
#..#....#.#.#..
# #.# .#.## #..
... #. #..##
##. ... . . ..
. . #.. .....
#.
........##....
. . ##..######
.# . #


You could see a sun demon and a hellwing.


Message History

You are too injured to fight recklessly!
You are too injured to fight recklessly!
You are too injured to fight recklessly!
You are too injured to fight recklessly!
Unknown command.
You slash the hellwing!
The hellwing is severely wounded.
You block the hellwing's attack. x2
You slash the hellwing!
The hellwing is almost dead.
The hellwing hits you.
* * * LOW HITPOINT WARNING * * *
The hellwing barely misses you.
You closely miss the hellwing.
The hellwing is almost dead.
The hellwing hits you but does no damage. x2
You barely miss the hellwing.
The hellwing is almost dead.
The hellwing hits you!
* * * LOW HITPOINT WARNING * * *
The hellwing hits you but does no damage.
The sun demon barely misses you.
You hit the hellwing but do no damage.
The hellwing is almost dead.
You hit the sun demon. The hellwing hits you!
* * * LOW HITPOINT WARNING * * *
The hellwing hits you. The sun demon hits you!!
* * * LOW HITPOINT WARNING * * *
You are engulfed in flames!!
You die...

Skill      XL: |  1  2  3  4  5  6  7  8  9 10 |
---------------+-------------------------------+-----
Axes           | 3 4 5 7 8 10 12 14 | 14.8
Invocations    | 4 6 |  6.4
Fighting       | 4 5 |  5.4
Armour         | |  3.2
Shields        | |  3.2

Action                   |  1- 3 |  4- 6 |  7- 9 | 10-12 || total
-------------------------+-------+-------+-------+-------++-------
Melee: War axe           |    76 |    96 |       |       ||   172
       Broad axe         |       |    28 |   391 |   104 ||   523
 Abil: Heal Wounds       |     1 |     3 |    14 |     8 ||    26
  Use: Scroll            |       |     7 |    10 |     2 ||    19
       Potion            |       |       |     1 |     2 ||     3
Armor: Scale mail        |    27 |    33 |       |       ||    60
       Chain mail        |       |    14 |    61 |       ||    75
       Plate armour      |       |       |   215 |    61 ||   276
Dodge: Dodged            |    18 |    42 |   102 |    19 ||   181
Block: Kite shield       |    42 |    79 |   238 |    68 ||   427

Levels and vault maps discovered:
D:1:      dpeg_arrival_rooms_b, layout_loops_cross
D:2:      layout_loops_ring, grunt_temple_overflow_open,
          eat_drink_and_be_merry_uskayaw, chequers_ecumenical_altar_island,
          serial_bayou_pond_b
D:3:      layout_basic, uniq_jessica, uniq_grinder
D:4:      layout_cave_pools, cheibriados_altar_1, portal_sewer_entry_a,
          kennysheep_generic_room_14
D:5:      layout_cave_pools, amethyst_killhole, minmay_crystal_room,
          chequers_serial_rivers_micro_c, nemelex_dance_club_becter
D:6:      layout_cave_pools, minmay_temple_entry_sparse_star,
          kennysheep_generic_room_12
D:7:      layout_cave_pools, old_standard_altar, enter_ossuary_4, uniq_pikel
D:8:      layout_rooms, pdpol_temple_overflow_zin_treasury_gozag_greed,
          old_standard_altar
D:9:      minmay_cut_squares, layout_rooms, gammafunk_temple_overflow_wave,
          grunt_lair_entry_orc_guard_hut, uniq_prince_ribbit1, uniq_erolcha
Temple:   minmay_temple_bridge_abc
Abyss:1:  base:
D:5

Notes
Turn   | Place    | Note
-------+----------+-------------------------------------------
     0 | D:1      | Dracia the Deep Dwarf Fighter began the quest for the Orb.
     0 | D:1      | Reached XP level 1. HP: 20/20 MP: 1/1
   112 | D:1      | Reached skill level 3 in Axes
   136 | D:1      | Reached XP level 2. HP: 25/27 MP: 2/2
   596 | D:2      | Reached XP level 3. HP: 28/33 MP: 3/3
   602 | D:2      | Reached skill level 4 in Axes
   615 | D:2      | Reached XP level 4. HP: 40/40 MP: 4/4
   650 | D:2      | Reached skill level 5 in Axes
   668 | D:2      | Found a faded altar of an unknown god.
   701 | D:2      | Found a hide-covered altar of Uskayaw.
   857 | D:2      | Found a sparkling altar of Nemelex Xobeh.
   860 | D:2      | Found an ancient bone altar of Kikubaaqudgha.
  1310 | D:3      | Reached XP level 5. HP: 26/46 MP: 5/5
  1400 | D:3      | Reached skill level 6 in Axes
  1520 | D:3      | Noticed Grinder
  1547 | D:3      | Killed Grinder
  1548 | D:3      | Reached skill level 7 in Axes
  1548 | D:3      | Reached XP level 6. HP: 28/55 MP: 4/4
  1938 | D:3      | Noticed Jessica
  1943 | D:3      | Killed Jessica
  2219 | D:4      | Reached skill level 8 in Axes
  2220 | D:4      | Reached XP level 7. HP: 48/61 MP: 5/5
  2260 | D:4      | Found a glowing drain.
  2281 | Sewer    | Entered a sewer
  2747 | D:4      | Reached skill level 9 in Axes
  3044 | D:4      | Found a snail-covered altar of Cheibriados.
  3111 | D:5      | Entered Level 5 of the Dungeon
  3172 | D:5      | Reached skill level 10 in Axes
  3192 | D:5      | Reached XP level 8. HP: 33/68 MP: 6/6
  3238 | D:5      | You fall into a shaft and drop 2 floors!
  3264 | D:7      | Reached skill level 11 in Axes
  3352 | D:7      | Reached skill level 12 in Axes
  3461 | D:7      | Found a sand-covered staircase.
  3589 | D:7      | Gained mutation: You passively map the area around you.
                  | [Deep Dwarf growth]
  3589 | D:7      | Reached XP level 9. HP: 20/74 MP: 6/6
  3791 | D:7      | You fall into a shaft and drop 1 floor!
  3792 | D:8      | Found an iron altar of Okawaru.
  3849 | D:7      | Noticed Pikel
  3870 | D:6      | Found a staircase to the Ecumenical Temple.
  3899 | Temple   | Entered the Ecumenical Temple
  3950 | Temple   | Became a worshipper of Makhleb the Destroyer
  4029 | D:6      | Reached skill level 13 in Axes
  4113 | D:6      | Reached skill level 1 in Invocations
  4154 | D:6      | Reached skill level 3 in Fighting
  4246 | D:6      | Reached skill level 2 in Invocations
  4760 | D:5      | HP: 7/76 [gnoll/+0 whip (2)]
  4764 | D:6      | Reached skill level 3 in Invocations
  4923 | D:5      | Reached * piety under Makhleb
  5062 | D:5      | Reached skill level 4 in Fighting
  5075 | D:5      | Found a sparkling altar of Nemelex Xobeh.
  5387 | D:7      | Found a sacrificial altar of Ru.
  5454 | D:7      | Reached skill level 4 in Invocations
  5531 | D:7      | Killed Pikel
  5532 | D:7      | Reached skill level 14 in Axes
  5532 | D:7      | Reached XP level 10. HP: 29/87 MP: 9/9
  6197 | D:8      | Found a glowing silver altar of Zin.
  6220 | D:8      | Found an opulent altar of Gozag.
  6247 | D:8      | Reached skill level 5 in Invocations
  6453 | D:9      | Found a glowing golden altar of the Shining One.
  6453 | D:9      | Found a white marble altar of Elyvilon.
  6514 | D:9      | Noticed Prince Ribbit
  6519 | D:9      | Noticed Erolcha
  6535 | D:8      | HP: 6/87 [something (19)]
  6537 | D:8      | HP: 1/87 [something/stone arrow (5)]
  6549 | D:8      | You are cast into the Abyss!
  6549 | D:8      | Cast into level 1 of the Abyss (Erolcha)
  6607 | Abyss:1  | Noticed a thrashing horror
  6610 | Abyss:1  | Noticed a purple very ugly thing
  6610 | Abyss:1  | Noticed a purple very ugly thing
  6611 | Abyss:1  | Noticed a purple very ugly thing
  6611 | Abyss:1  | Noticed a purple ugly thing
  6620 | Abyss:1  | Noticed a tentacled starspawn
  6673 | Abyss:1  | Killed a red very ugly thing
  6674 | Abyss:1  | Reached skill level 5 in Fighting
  6674 | Abyss:1  | Reached skill level 6 in Invocations
  6704 | Abyss:1  | Noticed a sun demon
  6710 | Abyss:1  | Slain by a sun demon

Vanquished Creatures
  A very ugly thing (Abyss:1)
  Pikel (D:7)
  A troll (D:9)
  Grinder (D:3)
  3 orc warriors
  2 black bears
  A sky beast (D:9)
  3 ice beasts
  2 phantoms
  A centaur (D:6)
  6 ogres
  2 lemures (D:7)
  A gnoll sergeant (D:7)
  4 bullfrogs
  3 scorpions
  4 killer bees (D:7)
  4 wights (D:7)
  A howler monkey (D:5)
  3 jellies
  2 bullfrog skeletons
  A centaur skeleton (D:4)
  8 hounds
  8 orc priests
  10 orc wizards
  Jessica (D:3)
  8 worker ants
  A hound skeleton (D:4)
  14 gnolls
  12 adders
  2 river rats (Sewer)
  A white imp (D:8)
  An ufetubus (D:7)
  An ooze (D:5)
  An adder zombie (D:9)
  An adder skeleton (D:9)
  2 worms
  3 dart slugs
  3 leopard geckos
  26 orcs
  9 bats
  5 giant cockroaches
  6 goblins
  6 hobgoblins
  7 jackals
  4 kobolds
  3 quokkas
  2 ball pythons (Sewer)
  17 frilled lizards
  A goblin zombie (D:7)
  A jackal zombie (D:5)
  12 rats
  A rat zombie (D:7)
224 creatures vanquished.

Vanquished Creatures (others)
  3 fungi (D:9)
  8 plants
  2 starspawn tentacles (Abyss:1)
13 creatures vanquished.

Grand Total: 237 creatures vanquished

Table legend: (Time is in decaauts)
 A = Elapsed time spent in this place.
 B = Non-inter-level travel time spent in this place.
 C = Inter-level travel time spent in this place.
 D = Time resting spent in this place.
 E = Time spent auto-exploring this place.
 F = Levels seen in this place.
 G = Mean time per level.
                   A        B        C        D        E       F      G
               +--------+--------+--------+--------+--------+-----+--------+
         Total |   6938 |   6728 |    210 |    826 |   4012 |  12 |  578.2 |
       Dungeon |   6210 |   6014 |    196 |    826 |   3652 |   9 |  690.0 |
        Temple |     75 |     61 |     14 |      0 |     46 |   1 |   75.0 |
         Abyss |    163 |    163 |      0 |      0 |     60 |   1 |  163.0 |
         Sewer |    488 |    488 |      0 |      0 |    253 |   1 |  488.0 |
               +--------+--------+--------+--------+--------+-----+--------+

Top non-repeatable levels by time:
     D:7: 1230 daAuts
     D:3: 936 daAuts
     D:6: 928 daAuts
     D:2: 729 daAuts
     D:5: 659 daAuts
     D:1: 618 daAuts
     D:4: 508 daAuts
     D:8: 506 daAuts
   Sewer: 488 daAuts
 Abyss:1: 163 daAuts
     D:9: 92 daAuts
  Temple: 75 daAuts

Table legend:
 A = Non-vault XP
 B = Vault XP
 C = Vault XP percentage of total XP
 D = Non-vault monster count
 E = Vault monster count
 F = Vault count percentage of total count
                 A         B        C        D         E       F
            +---------+---------+-------+---------+---------+-------
      Total |    7118 |    1316 |  15.6 |     189 |      33 |  14.9
            +---------+---------+-------+---------+---------+-------
        D:1 |      39 |       0 |   0.0 |      21 |       0 |   0.0
        D:2 |     107 |       4 |   3.6 |      18 |       3 |  14.3
        D:3 |     121 |     327 |  73.0 |      21 |       2 |   8.7
        D:4 |     524 |      23 |   4.2 |      17 |       4 |  19.0
        D:5 |     861 |     128 |  12.9 |      25 |       2 |   7.4
        D:6 |    1118 |      42 |   3.6 |      31 |       1 |   3.1
        D:7 |    1541 |     665 |  30.1 |      37 |       3 |   7.5
        D:8 |     665 |       0 |   0.0 |      11 |       0 |   0.0
        D:9 |     743 |      74 |   9.1 |       7 |       1 |  12.5
    Abyss:1 |    1399 |       0 |   0.0 |       1 |       0 |   0.0
      Sewer |       0 |      53 | 100.0 |       0 |      17 | 100.0
            +---------+---------+-------+---------+---------+-------
